 Dungeon Crawl Stone Soup version 0.19.1-1-g22dce08 (webtiles) character file.

614 ErikD the Chopper (level 7, -1/91 HPs)
             Began as a Hill Orc Berserker on Jan 16, 2017.
             Was an Elder of Trog.
             Slain by Angani's ghost (10 damage)
             ... on level 4 of the Dungeon.
             The game lasted 00:13:07 (3337 turns).

ErikD the Chopper (Hill Orc Berserker)              Turns: 3337, Time: 00:13:08

Health: -1/91      AC:  3    Str: 25    XL:     7   Next: 44%
Magic:  7/7        EV: 12    Int:  9    God:    Trog [****..]
Gold:   199        SH:  0    Dex: 12    Spells: 0 memorised, 6 levels left

rFire  . . .     SeeInvis .     u - +4 quarterstaff (chaos)
rCold  . . .     Gourm    .     d - +0 leather armour
rNeg   . . .     Faith    +     (shield currently unavailable)
rPois  .         Spirit   .     (helmet restricted)
rElec  .         Reflect  .     (no cloak)
rCorr  .         Harm     .     (no gloves)
MR     .....                    (no boots)
Stlth  ..........               v - amulet of faith
                                (no ring)
                                (no ring)

@: berserking, very quick
A: horns 1, clever 1, subdued magic 1
a: Berserk, Trog's Hand, Brothers in Arms, Burn Spellbooks, Renounce Religion


You were on level 4 of the Dungeon.
You worshipped Trog.
Trog was greatly pleased with you.
You were very hungry.

You visited 1 branch of the dungeon, and saw 4 of its levels.

You collected 199 gold pieces.

Inventory:

Hand Weapons
 a - a +0 hand axe
 j - a +0 dagger of holy wrath
 u - a +4 quarterstaff of chaos (weapon)
 x - a cursed -2 dagger
Missiles
 f - 6 poisoned javelins (quivered)
Armour
 b - a +0 animal skin
 d - a +0 leather armour (worn)
 i - a +1 helmet
Jewellery
 v - an amulet of faith (around neck)
 w - an uncursed amulet of faith
Scrolls
 g - 2 scrolls of remove curse
 h - a scroll of blinking {unknown}
 l - 2 scrolls of identify
 n - a scroll of magic mapping {unknown}
 s - a scroll of teleportation {unknown}
Potions
 e - a potion of ambrosia
 k - a potion of mutation
 o - a potion of magic {unknown}
Comestibles
 c - 5 bread rations
 m - a fruit
 q - 2 meat rations
 t - 15 chunks of flesh


   Skills:
 + Level 5.6 Fighting
 + Level 6.3 Axes
 + Level 3.9 Staves
 + Level 2.8 Armour
 + Level 2.6 Dodging
 + Level 1.0 Stealth


You had 6 spell levels left.
You didn't know any spells.

Dungeon Overview and Level Annotations

Branches:
Dungeon (4/15)
 Temple: D:4-7

Altars:
Elyvilon
Trog
Xom

Annotations:
D:4 Angani's ghost, amateur FeTm; Eustachio


Innate Abilities, Weirdness & Mutations

You have a pair of small horns on your head.
Your mind is acute. (Int +2)
Your spells are a little easier to cast, but a little less powerful.


Message History

You sock the adder!
You kill the adder!
Trog accepts your kill.
Angani's ghost (amateur Felid Transmuter) comes into view.
Angani's ghost turns its malevolent gaze towards you.
You hear a shout!
You barely miss Angani's ghost. Your headbutt misses Angani's ghost.
Angani's ghost misses you. Angani's ghost hits you.
A red film seems to cover your vision as you go berserk!
You feel yourself moving faster!
You feel mighty!
You are feeling very hungry.
Angani's ghost hits you!
You miss Angani's ghost. You barely miss Angani's ghost.
Your headbutt misses Angani's ghost. Angani's ghost hits you!
* * * LOW HITPOINT WARNING * * *
You miss Angani's ghost. Angani's ghost hits you!
* * * LOW HITPOINT WARNING * * *
You miss Angani's ghost. Angani's ghost hits you!
You die...

#.# ##. ##..###.#
... ........##
#.##S
##.#####.###..>...
##...###...
#.........
#w..#####
##W#.########
#@###........
##.#...######
#..##.# .....##.#
#.###.##.# ### #
.##.# #.#.. ##
#.##.# #.#.# .###
#.##.## #.#.# ..#
#....(#


You could see Angani's ghost and a dart slug.

Vanquished Creatures
  The ghost of mora the Skirmisher, an amateur DsBe of Trog (D:3)
  An ogre (D:3)
  A phantom (D:4)
  An orc priest (D:4)
  Crazy Yiuf (D:2)
  3 orc wizards
  A worker ant (D:4)
  Robin (D:4)
  6 adders
  3 oozes
  4 worms
  3 dart slugs
  4 leopard geckos
  14 orcs
  4 ball pythons
  4 giant cockroaches
  16 goblins
  8 hobgoblins
  A quokka (D:4)
  10 bats
  4 frilled lizards
  6 kobolds
  13 rats
110 creatures vanquished.

Notes
Turn   | Place    | Note
-------+----------+-------------------------------------------
     0 | D:1      | ErikD the Hill Orc Berserker began the quest for the Orb.
     0 | D:1      | Reached XP level 1. HP: 19/19 MP: 1/1
     6 | D:1      | Noticed a polar bear
     6 | D:1      | Noticed a water moccasin
     6 | D:1      | Noticed a wyvern
     7 | D:1      | Noticed a hog
     7 | D:1      | Noticed a crocodile
   103 | D:1      | Reached XP level 2. HP: 11/27 MP: 2/2
   636 | D:1      | Reached XP level 3. HP: 25/33 MP: 3/3
   960 | D:2      | Reached ** piety under Trog
  1013 | D:2      | Reached skill level 5 in Axes
  1339 | D:2      | Reached XP level 4. HP: 11/40 MP: 4/4
  1634 | D:2      | Found a white marble altar of Elyvilon.
  1820 | D:2      | Found a shimmering altar of Xom.
  1931 | D:2      | Found a runed door.
  1935 | D:2      | Noticed Crazy Yiuf
  1939 | D:2      | Killed Crazy Yiuf
  2214 | D:3      | Found a faded altar of an unknown god.
  2233 | D:3      | Reached XP level 5. HP: 42/47 MP: 5/5
  2240 | D:3      | Reached skill level 6 in Axes
  2309 | D:3      | Reached skill level 1 in Staves
  2312 | D:3      | Reached *** piety under Trog
  2540 | D:3      | HP: 2/47 [poisoned by a kobold]
  2542 | D:3      | Gained mutation: Your spells are a little easier to cast, but a little less powerful. [potion of mutation]
  2542 | D:3      | Gained mutation: You have a pair of small horns on your head. [potion of mutation]
  2542 | D:3      | Gained mutation: Your mind is acute. (Int +2) [potion of mutation]
  2576 | D:3      | Found a bloodstained altar of Trog.
  2606 | D:3      | Reached skill level 5 in Fighting
  2628 | D:3      | Reached XP level 6. HP: 56/56 MP: 6/6
  2827 | D:3      | Noticed mora's ghost (amateur DsBe)
  2843 | D:3      | Killed mora's ghost
  3110 | D:4      | Noticed Robin
  3136 | D:4      | Killed Robin
  3136 | D:4      | Reached XP level 7. HP: 44/61 MP: 7/7
  3139 | D:4      | Reached **** piety under Trog
  3240 | D:4      | Reached skill level 1 in Stealth
  3249 | D:4      | Received a gift from Trog
  3313 | D:4      | Noticed Eustachio
  3329 | D:4      | Noticed Angani's ghost (amateur FeTm)
  3337 | D:4      | Slain by Angani's ghost

Skill      XL: |  1  2  3  4  5  6  7 |
---------------+----------------------+-----
Fighting       | 4 5 |  5.6
Axes           | 5 6 |  6.3
Dodging        | 2 |  2.6
Staves         | 1 3 |  3.9
Stealth        | 1 |  1.0
Armour         | |  2.8

Action                   |  1- 3 |  4- 6 |  7- 9 || total
-------------------------+-------+-------+-------++-------
Melee: Hand axe          |   129 |    48 |       ||   177
       Quarterstaff      |       |   120 |    43 ||   163
       Headbutt          |       |     5 |     8 ||    13
Invok: Berserk           |       |     2 |     1 ||     3
  Use: Scroll            |       |     3 |       ||     3
       Potion            |       |     8 |       ||     8
 Stab: Sleeping          |     1 |     1 |       ||     2
       Paralysed         |       |     1 |       ||     1
  Eat: Chunk             |     1 |     4 |       ||     5
       Bread ration      |       |     1 |       ||     1
Armor: Animal skin       |    48 |    19 |       ||    67
       Leather armour    |       |    15 |     6 ||    21
Dodge: Dodged            |    95 |    99 |    18 ||   212
